AoeStats
← Andrez14

Arena

509906137Analyzed
2v2 RM · 2d ago on Sep 28, 2026· 44m 47s· 4 players
Game mode
Random Map
Map size
Medium (4 player)
Population
200
Speed
Normal
Resources
Standard
Victory
Conquest
Starting age
Dark Age
Ending age
Imperial Age
RankedLock teamsTeams togetherTeam positionsShared explorationLock speedFull tech treeHidden civsTurbo modeCheats
Victory
Defeat
🇨🇱 Franks · Chile
988
+18
🇨🇱 Khmer · Chile
987
+18
🇻🇳 Huns · Vietnam
1050
-19
🇨🇦 Malay · Canada
1007
-17
mikrethor
9:47 Feudal Age
10:00 Double-Bit Axe
10:29 Horse Collar
16:39 Castle Age
15:46 Loom
16:39 Wheelbarrow
16:44 Bow Saw
16:40 Heavy Plow
18:10 Loom
22:52 Light Cavalry
24:39 Forging
25:37 Hand Cart
26:16 Pikeman
29:15 Fletching
30:01 Iron Casting
33:49 Imperial Age
31:38 Husbandry
33:08 Scale Barding Armor
32:59 Bodkin Arrow
33:06 Gold Mining
33:06 Stone Mining
33:18 Padded Archer Armor
35:45 Blast Furnace
37:11 Stone Shaft Mining
37:11 Gold Shaft Mining
36:59 Sappers
39:46 Siege Engineers
39:52 Masonry
39:37 Murder Holes
41:42 Leather Archer Armor
42:45 Chemistry
41:48 Halberdier
42:29 Squires
44:25 Caravan
#South
10:46 Feudal Age
16:42 Castle Age
14:32 Horse Collar
15:07 Double-Bit Axe
15:35 Gold Mining
16:55 Bloodlines
19:13 Bow Saw
20:01 Gold Shaft Mining
21:13 Stone Mining
29:02 Heavy Plow
36:00 Light Cavalry
36:41 Husbandry
37:18 Forging
37:57 Marauders
39:52 Crossbowman
41:08 Fletching
42:43 Bodkin Arrow
42:48 Padded Archer Armor
PalomaBesti
8:44 Feudal Age
9:12 Double-Bit Axe
9:08 Horse Collar
17:28 Castle Age
16:18 Gold Mining
16:18 Stone Mining
17:54 Scale Mail Armor
19:47 Loom
19:25 Pikeman
20:28 Chain Mail Armor
31:42 Imperial Age
32:50 Conscription
33:11 Wheelbarrow
32:21 Town Watch
33:33 Forging
35:52 Double Crossbow
38:29 Halberdier
38:41 Heavy Scorpion
40:25 Chemistry
39:21 Murder Holes
42:54 Hand Cart
42:24 Town Watch
43:07 Town Patrol
43:09 Heavy Plow
43:20 Bow Saw
43:46 Gold Shaft Mining
43:46 Stone Shaft Mining
45:37 Crop Rotation
45:43 Stone Shaft Mining
Andrez14
6:23 Loom
9:30 Feudal Age
9:59 Double-Bit Axe
16:27 Castle Age
18:07 Bow Saw
17:52 Gold Mining
21:23 Wheelbarrow
27:03 Hand Cart
27:30 Husbandry
27:38 Scale Barding Armor
27:44 Forging
28:23 Stone Mining
33:18 Imperial Age
33:25 Iron Casting
34:54 Fletching
35:26 Cavalier
39:05 Gold Shaft Mining
40:04 Blast Furnace
40:55 Blast Furnace
40:16 Chain Barding Armor
40:41 Bodkin Arrow
40:47 Padded Archer Armor
42:15 Paladin
43:36 Conscription
Connection lost

Rejoining the realm…

Still unreachable

The connection could not be restored.

Session expired

The server has moved on; the page needs a fresh start.